 Dungeon Crawl Stone Soup version 0.26.1-11-gd32895ea62 (webtiles) character file.

Game seed: 10163137786060609738

49 raph the Chiller (level 3, 0/24 HPs)
             Began as a Merfolk Ice Elementalist on May 9, 2021.
             Succumbed to a goblin's poison
             ... on level 2 of the Dungeon.
             The game lasted 00:02:06 (1055 turns).

raph the Chiller (Merfolk Ice Elementalist)         Turns: 1055, Time: 00:02:07

Health: 0/24       AC:  3    Str:  8    XL:     3   Next: 75%
Magic:  2/6        EV: 13    Int: 15    God:
Gold:   41         SH:  0    Dex: 14    Spells: 2/6 levels left

rFire    . . .     SeeInvis .   e - +0 dagger
rCold    . . .     Faith    .   (no shield)
rNeg     . . .     Spirit   .   a - +0 robe
rPois    .         Reflect  .   (no helmet)
rElec    .         Harm     .   (no cloak)
rCorr    .         Rampage  .   (no gloves)
Will     .....                  h - +0 pair of boots
Stlth    ++........             (no amulet)
HPRegen  0.08/turn              (no ring)
MPRegen  0.10/turn              (no ring)

@: lethally poisoned (0 -> -9), very slightly contaminated
A: change form in water, swift swim, stealthy swim
a: no special abilities


You were on level 2 of the Dungeon.
You visited 1 branch of the dungeon, and saw 2 of its levels.

You collected 41 gold pieces.

Inventory:

Hand Weapons
 b - a +0 club
 e - a +0 dagger (weapon)
Missiles
 f - 3 stones
Armour
 a - a +0 robe (worn)
 h - a +0 pair of boots (worn)
Scrolls
 c - a scroll of remove curse {unknown}
 d - a scroll of identify {unknown}
 g - 2 scrolls of noise {unknown}


   Skills:
 - Level 2.6 Dodging
 - Level 2.1 Stealth
 - Level 2.0 Spellcasting
 + Level 5.8 Ice Magic


You had 2 spell levels left.
You knew the following spells:

 Your Spells              Type           Power        Failure   Level
a - Freeze                Ice            76%          1%          1
b - Frozen Ramparts       Ice            38%          6%          3

Your spell library contained the following spells:

 Spells                   Type           Power        Failure   Level
 Ozocubu's Armour         Ice            19%          6%          3
 Hailstorm                Conj/Ice       10%          54%         4
 Summon Ice Beast         Ice/Summ       10%          54%         4


Dungeon Overview and Level Annotations

Branches:
Dungeon (1/15)

Altars:
Uskayaw


Message History

You kill the adder!
* * * LOW HITPOINT WARNING * * *
You feel sick.
Sorry, you're not good enough to have a special ability.
You aren't carrying any potions.
Unknown command.
As you read the scroll labelled LILUAWAJUR, it crumbles to dust.
You feel aware of your surroundings.
It was a scroll of magic mapping.
* * * LOW HITPOINT WARNING * * *
You feel sick. Something hits you.
* * * LOW HITPOINT WARNING * * *
Casting: Freeze (safe; 1% risk of failure)
Confirm with . or Enter, or press ? or * to list all spells.
Aiming: Freeze (safe; 1% risk of failure)
Press: ? - help, Shift-Dir - straight line You freeze something.
Reactivating autopickup.
You feel a bit more experienced.
b - a +0 club You die...

,,,,,,,,,,,,,................)...
,>,,,,,,**,**....................
,,,,,*,,,,,**.................#..
,,,,,**,**,**.######...######.#*,
,,,,,,,,,,,**,* #...# *,#*,
,*****,,,,,,,,* #S..# *,**, ,*
*,***,**** #...# *,,,, ,* *,,,,,*
#######...# #######. ,* *,*****
#..@).....###......# ,*****,*
#.###.)>....#.#####. ,,,,,,,*
###.###.#..#..#.#####. *,,,,,,*
#......รท...........##. ********
#.#.##..#.##..#.##.##.
#.#.##........#.##.##.
#.#.......##.##.......
###.#.#####.....####.###
#......).....#.## ##.##


There were no monsters in sight!

Vanquished Creatures
  Jessica (D:2)
  An adder (D:2)
  A leopard gecko (D:2)
  3 bats
  2 giant cockroaches (D:1)
  2 goblins (D:2)
  A kobold (D:1)
  3 rats
14 creatures vanquished.

Notes
Turn   | Place    | Note
-------+----------+-------------------------------------------
     0 | D:1      | raph the Merfolk Ice Elementalist began the quest for the
                  | Orb.
     0 | D:1      | Reached XP level 1. HP: 13/13 MP: 3/3
   527 | D:1      | Reached XP level 2. HP: 19/19 MP: 3/5
   747 | D:1      | You fall into a shaft and drop 1 floor!
   781 | D:2      | Reached skill level 5 in Ice Magic
   907 | D:2      | Noticed Jessica
   940 | D:2      | Killed Jessica
   941 | D:2      | Reached XP level 3. HP: 20/24 MP: 2/6
   945 | D:2      | Learned a level 3 spell: Frozen Ramparts
  1015 | D:2      | Found a hide-covered altar of Uskayaw.
  1053 | D:2      | HP: 1/24 [something (1)]
  1055 | D:2      | Succumbed to a goblin's poison

Illustrated notes

Levels and vault maps discovered:
D:1:      lemuel_arrival_behind_the_door_small, layout_basic
D:2:      layout_loops_cross, eat_drink_and_be_merry_uskayaw, uniq_jessica

Skill      XL: |  1  2 |
---------------+-------+-----
Ice Magic      | 5 |  5.8
Dodging        | |  2.6
Stealth        | |  2.1
Spellcasting   | |  2.0

Action                   || total
-------------------------++-------
Melee: Unarmed           ||     1
       Dagger            ||     1
 Cast: Freeze            ||    19
  Use: Scroll            ||     1
 Stab: Sleeping          ||     1
Armor: Robe              ||     5
Dodge: Dodged            ||    10
